 Dungeon Crawl Stone Soup version 0.29.0-4-gdea44cf6ec (webtiles) character file.

Game seed: 2798503952253615704

46 qw the Sneak (level 3, -3/23 HPs)
             Began as a Gargoyle Delver on Sept 10, 2022.
             Slain by a lemure (7 damage)
             ... led by Pikel
             ... on level 4 of the Dungeon.
             The game lasted 00:00:15 (790 turns).

qw the Sneak (Gargoyle Delver)                       Turns: 790, Time: 00:00:16

Health: -3/23      AC:  6    Str: 17    XL:     3   Next: 66%
Magic:  3/3        EV: 11    Int: 10    God:
Gold:   13         SH:  0    Dex: 11    Spells: 2/2 levels left

rFire   . . .      SeeInvis .   Y - +0 war axe
rCold   . . .      Faith    .   (no shield)
rNeg    + . .      Spirit   .   b - +0 leather armour
rPois   inf        Reflect  .   (no helmet)
rElec   +          Harm     .   (no cloak)
rCorr   .          Rampage  .   (no gloves)
Will    .....                   (no boots)
Stlth   +++.......              (no amulet)
HPRegen 0.07/turn               (no ring)
MPRegen 0.08/turn               (no ring)

@: no status effects
A: sickness immunity, AC +3, negative energy resistance 1, electricity
resistance, torment resistance 1, petrification resistance
a: no special abilities


You were on level 4 of the Dungeon.
You visited 1 branch of the dungeon, and saw 2 of its levels.

You collected 13 gold pieces.


Innate Abilities, Weirdness & Mutations

You are immune to sickness and miasma.
Your stone body is resilient. (AC +3)
You are immune to poison.
You resist negative energy. (rN+)
You are resistant to electric shocks. (rElec)
You are resistant to unholy torment.
You are immune to petrification.


   Skills:
 - Level 3.2 Fighting
 + Level 3.5 Axes
 - Level 1.5 Dodging
 - Level 5.4 Stealth


You had 2 spell levels left.
You didn't know any spells.
Your spell library was empty.

Inventory:

Hand Weapons
 Y - a +0 war axe (weapon)
Armour
 b - a +0 leather armour (worn)
Wands
 g - a wand of digging (3)
Scrolls
 c - a scroll of enchant weapon {unknown}
 d - 3 scrolls of amnesia {unknown}
Potions
 a - a potion of heal wounds {unknown}
 f - a potion of haste

Dungeon Overview and Level Annotations

Branches:
Dungeon (5/15)
 Temple: D:4-7

Altars:
Makhleb
Xom

Annotations:
D:4 Pikel


Message History

HP restored.
You open the door.
A goblin comes into view. It is wielding a +0 dagger.
The goblin shouts!
You hear a shout! x2
You barely miss the goblin.
You hear a shout!
The goblin hits you but does no damage.
You slash the goblin!
You kill the goblin!
Pikel, Merchant of Souls comes into view.
He is wielding a +2 whip of freezing.
A lemure comes into view.
You slash Pikel!
Pikel is lightly wounded.
Pikel hits you with a +2 whip of freezing.
Pikel freezes you.
Pikel hits you with a +2 whip of freezing.
Pikel freezes you.
A lemure comes into view.
The lemure shouts!
You hit Pikel.
Pikel is moderately wounded.
Pikel closely misses you.
You closely miss Pikel.
Pikel is moderately wounded.
Pikel hits you but does no damage.
You barely miss Pikel.
Pikel is moderately wounded.
You slash the lemure!
A lemure comes into view.
Pikel misses you. The lemure hits you.
You completely miss Pikel.
Pikel is moderately wounded.
You closely miss the lemure. Pikel misses you.
Pikel hits you but does no damage. The lemure barely misses you.
The lemure hits you.
You slash the lemure!
The lemure is severely wounded.
You closely miss Pikel. You hit the lemure. Pikel barely misses you.
The lemure hits you. The lemure hits you!
You die...

...#.........#
...#.........#
...#.........#
##.#.........######
#.#######....#...#
#.......#....#...# .
#.......+....#... ...
######'###....##)##.....
#...............@K5.>.#
#...............55....#
#............:........#
#.....................#
..############+####+#...
.. .. . .


You could see Pikel and 3 lemures.

Vanquished Creatures
  A lemure (D:4)
  A crimson imp (D:5)
  An adder (D:4)
  2 goblins (D:4)
  2 quokkas
  A kobold (D:4)
8 creatures vanquished.

Notes
Turn   | Place    | Note
-------+----------+-------------------------------------------
     0 | D:5      | qw the Gargoyle Delver began the quest for the Orb.
     0 | D:5      | Reached XP level 1. HP: 14/14 MP: 1/1
     0 | D:5      | 0 ||| qw: Version: 0.1-a-116-g5d60599
     0 | D:5      | 0 ||| qw: Game counter: 9081
     0 | D:5      | 0 ||| qw: Always use a shield: true
     0 | D:5      | 0 ||| qw: God list: Okawaru
     0 | D:5      | 0 ||| qw: Allow faded altars: false
     0 | D:5      | 0 ||| qw: Do Orc after D:15 true
     0 | D:5      | 0 ||| qw: Do second Lair branch before Depths: true
     0 | D:5      | 0 ||| qw: Lair rune preference: random
     0 | D:5      | 0 ||| qw: Plans: Normal
     0 | D:5      | 0 ||| PLANNING D:1-11
    37 | D:5      | 37 ||| SWAPPING to +0 war axe.
    38 | D:5      | 38 ||| DROPPING +0 hand axe.
    54 | D:5      | Found a shimmering altar of Xom.
    54 | D:5      | Found a burning altar of Makhleb.
    54 | D:5      | Noticed a crimson imp
    69 | D:5      | HP: 3/14 [crimson imp/+0 dagger of chaos (2)]
    72 | D:5      | Killed a crimson imp
    73 | D:5      | Reached skill level 3 in Axes
    73 | D:5      | Reached XP level 2. HP: 5/19 MP: 2/2
    73 | D:5      | Reached XP level 3. HP: 6/23 MP: 3/3
   328 | D:5      | 328 ||| READING scroll labelled DOCUSA UVIEZUO.
   329 | D:5      | 329 ||| DROPPING scroll of fog.
   330 | D:5      | 330 ||| DROPPING scroll of magic mapping.
   331 | D:5      | 331 ||| DROPPING scroll of fear.
   538 | D:4      | Noticed a lemure
   554 | D:4      | Killed a lemure
   780 | D:4      | Noticed Pikel
   784 | D:4      | Noticed a lemure
   785 | D:4      | Noticed a lemure
   788 | D:4      | Noticed a lemure
   790 | D:4      | HP: 4/23 [lemure[Pikel] (3)]
   790 | D:4      | Slain by a lemure

Levels and vault maps discovered:
D:4:      layout_gridville, minmay_temple_entry_large_hall, lemuel_old_faithful,
          uniq_pikel, uniq_edmund
D:5:      layout_loops_cross, grunt_temple_overflow_champion_of_chaos,
          enter_ossuary_3, reono_crystal_passage

Skill      XL: |  1 |
---------------+----+-----
Axes           | 3 |  3.5
Fighting       | |  3.2
Dodging        | |  1.5
Stealth        | |  5.4

Action                   || total
-------------------------++-------
Melee: War axe           ||    41
       Hand axe          ||     5
       Punch             ||     1
  Use: Scroll            ||     1
Armor: Leather armour    ||    13
Dodge: Dodged            ||    27

Table legend:
 A = Non-vault XP
 B = Vault XP
 C = Vault XP percentage of total XP
 D = Non-vault monster count
 E = Vault monster count
 F = Vault count percentage of total count
                 A         B        C        D         E       F
            +---------+---------+-------+---------+---------+-------
      Total |      22 |      44 |  66.7 |       6 |       1 |  14.3
            +---------+---------+-------+---------+---------+-------
        D:4 |      20 |       0 |   0.0 |       5 |       0 |   0.0
        D:5 |       2 |      44 |  95.7 |       1 |       1 |  50.0
            +---------+---------+-------+---------+---------+-------
